 Dungeon Crawl Stone Soup version 0.29.0-11-gd7f09526c8 (webtiles) character file.

Game seed: 14907015782456111411

12 robertstho the Trooper (level 2, 0/24 HPs)
             Began as a Vine Stalker Berserker on Sept 2, 2022.
             Was a Follower of Trog.
             Succumbed to an adder's poison
             ... on level 2 of the Dungeon.
             The game lasted 00:00:39 (1552 turns).

robertstho the Trooper (Vine Stalker Berserker)     Turns: 1552, Time: 00:00:39

Health: 0/24       AC:  2    Str: 19    XL:     2   Next: 33%
Magic:  0/3        EV: 12    Int:  7    God:    Trog [*.....]
Gold:   136        SH:  0    Dex: 13    Spells: 1/1 levels left

rFire   . . .      SeeInvis .     - Unarmed
rCold   . . .      Faith    .   (no shield)
rNeg    . . .      Spirit   +   a - +0 animal skin
rPois   .          Reflect  .   (no helmet)
rElec   .          Harm     .   (no cloak)
rCorr   .          Rampage  .   (no gloves)
Will    .....                   (no boots)
Stlth   ..........              (no amulet)
HPRegen 0.08/turn               (no ring)
MPRegen 0.08/turn               (no ring)

@: berserking, lethally poisoned (0 -> -13), very quick
A: fangs 2, magic shield, antimagic bite, no potion heal 2
a: Renounce Religion, Berserk


You were on level 2 of the Dungeon.
You worshipped Trog.
Trog was aware of your devotion.
You visited 1 branch of the dungeon, and saw 2 of its levels.

You collected 136 gold pieces.

Inventory:

Armour
 a - a +0 animal skin (worn)
Scrolls
 b - 3 scrolls of identify {unknown}
 d - a scroll of enchant armour {unknown}
 e - a scroll of enchant weapon {unknown}
 g - a scroll of vulnerability {unknown}
Potions
 c - 2 potions of curing {unknown}
 f - a potion of haste {unknown}
 h - a potion of degeneration {unknown}
 i - a potion of cancellation {unknown}


   Skills:
 * Level 3.1 Fighting
 + Level 1.6 Armour
 + Level 1.6 Dodging
 * Level 0.2 Stealth
 + Level 3.1 Unarmed Combat


You had one spell level left.
You didn't know any spells.
Your spell library was empty.

Dungeon Overview and Level Annotations

Branches:
Dungeon (2/15)

Altars:


Innate Abilities, Weirdness & Mutations

You have extremely sharp teeth.
When hurt, damage is shared between your health and your magic reserves.
Your bite disrupts and absorbs the magic of your enemies.
Potions cannot restore your health.


Message History

You are too injured to fight recklessly!
You are too injured to fight recklessly!
You are too injured to fight recklessly!
You are too injured to fight recklessly!
You are too injured to fight recklessly!
You are too injured to fight recklessly!
You are too injured to fight recklessly!
You are too injured to fight recklessly!
You are too injured to fight recklessly!
An endoplasm is nearby!
An endoplasm is nearby!
You hit the endoplasm but do no damage.
The endoplasm is severely wounded.
The endoplasm hits you but does no damage.
You hit the endoplasm.
You kill the endoplasm!
Trog accepts your kill.
An adder comes into view.
The adder hisses angrily.
An adder is nearby!
An adder is nearby!
A red film seems to cover your vision as you go berserk!
You feel yourself moving faster!
You feel mighty!
You barely miss the adder. The adder bites you.
You barely miss the adder. Your bite misses the adder.
You barely miss the adder. Your bite misses the adder. The adder misses you.
You closely miss the adder. The adder bites you.
* * * LOW HITPOINT WARNING * * *
You are lethally poisoned!
The adder poisons you!
You hit the adder. Your bite misses the adder.
The adder is moderately wounded.
* * * LOW HITPOINT WARNING * * *
You feel sick. The adder bites you.
* * * LOW HITPOINT WARNING * * *
You are more poisoned.
The adder poisons you!
You closely miss the adder.
The adder is moderately wounded.
You die...

.# .# .# .# .##########
# ...<....... #.
##.####.....##.########.
##.# ......S........#
.#.# #@######.# .#.#
#......#.# .#.#
######.#.# .#.#
######......#.# .#.#
#......###### # .#.#
#.#####.# .#.# #.# #.#
.#.#.# #.# #.# .#.#.#
#.# #.# .#


You could see an adder.

Vanquished Creatures
  2 endoplasms (D:2)
  A giant cockroach (D:1)
  A quokka (D:1)
  A ball python (D:2)
  4 frilled lizards
  3 goblins (D:1)
  A rat (D:1)
13 creatures vanquished.

Notes
Turn   | Place    | Note
-------+----------+-------------------------------------------
     0 | D:1      | robertstho the Vine Stalker Berserker began the quest for
                  | the Orb.
     0 | D:1      | Reached XP level 1. HP: 11/11 MP: 2/2
   391 | D:1      | Found a faded altar of an unknown god.
   715 | D:1      | Reached XP level 2. HP: 11/16 MP: 3/3
  1552 | D:2      | Succumbed to an adder's poison

Illustrated notes

Levels and vault maps discovered:
D:1:      zaba_arrival_water, layout_loops_ring,
          hellmonk_ecumenical_altar_lost_god, roderic_serpentine_path
D:2:      layout_loops_ring, serial_co_window_serial,
          co_window_of_opportunity_a, co_window_corner_a, co_window_corner_a,
          co_window_paths_b, co_window_paths_a, co_window_paths_a,
          co_window_of_opportunity_a, co_window_corner_a, co_window_paths_a,
          co_window_unsneaky_path_c, co_window_broadway_b, co_window_broadway_a,
          co_window_paths_e, co_window_4corner_a, glass_columns_a,
          glass_columns_b, guppyfry_early_lair_pool

Skill      XL: |  1 |
---------------+----+-----
Fighting       | 3 |  3.1
Armour         | |  1.6
Dodging        | |  1.6
Stealth        | |  0.2
Unarmed Combat | |  3.1

Action                   || total
-------------------------++-------
Melee: Unarmed           ||    46
       Punch             ||     1
       Bite              ||     2
Invok: Berserk           ||     1
Armor: Animal skin       ||    10
Dodge: Dodged            ||    17
